 Dungeon Crawl Stone Soup version 0.20.1-1-g8b1a95d (webtiles) character file.

62 Knicklaso the Skirmisher (level 4, -1/48 HPs)
             Began as an Ogre Warper on July 25, 2017.
             Killed by divine providence
             ... invoked by an orc priest
              (8 damage)
             ... on level 3 of the Dungeon.
             The game lasted 00:05:41 (2220 turns).

Knicklaso the Skirmisher (Ogre Warper)              Turns: 2220, Time: 00:05:42

Health: -1/48      AC:  6    Str: 16    XL:     4   Next: 8%
Magic:  2/7        EV: 10    Int: 14    God:
Gold:   57         SH:  0    Dex:  8    Spells: 3/7 levels left

rFire    . . .     SeeInvis .   a - +0 mace
rCold    . . .     Gourm    .   (no shield)
rNeg     . . .     Faith    .   b - +0 robe
rPois    .         Spirit   .   (helmet restricted)
rElec    .         Reflect  .   (no cloak)
rCorr    .         Harm     .   (gloves unavailable)
MR       .....                  (boots unavailable)
Stlth    +.........             (no amulet)
Regen    0.2/turn               k - ring of flight
MPRegen  0.1/turn               m - +3 ring of protection

@: shrouded, very slightly contaminated
A: unfitting armour, tough skin 1
a: Evoke Flight


You were on level 3 of the Dungeon.
You were near starving.

You visited 1 branch of the dungeon, and saw 3 of its levels.

You collected 57 gold pieces.

Inventory:

Hand Weapons
 a - a +0 mace (weapon)
Missiles
 e - 5 tomahawks of dispersal
 g - 35 stones (quivered)
 v - 4 tomahawks
Armour
 b - a +0 robe (worn)
Jewellery
 k - a ring of flight (left hand)
 m - a +3 ring of protection (right hand)
Scrolls
 d - a scroll of blinking
 h - 2 scrolls of remove curse {unknown}
 l - a scroll of noise {unknown}
 n - a scroll of teleportation {unknown}
 o - a scroll of magic mapping {unknown}
 t - a scroll of enchant weapon {unknown}
 u - 2 scrolls of fear {unknown}
Potions
 i - 2 potions of flight {unknown}
 j - 3 potions of haste {unknown}
 p - a potion of curing {unknown}
 q - a potion of agility {unknown}
 r - a potion of lignification {unknown}
Books
 c - a book of Spatial Translocations

   Spells                             Type                      Level
   a - Blink                          Translocation                2
   b - Shroud of Golubria             Charms/Translocation         2
   c - Lesser Beckoning               Translocation                3
   d - Gell's Gravitas                Translocation                3
   e - Teleport Other                 Translocation                3
   f - Passage of Golubria            Translocation                4
Comestibles
 f - a bread ration
 s - 3 fruits


   Skills:
 - Level 4.0 Fighting
 * Level 3.2 Maces & Flails
 - Level 1.0 Throwing
 - Level 2.1 Dodging
 - Level 2.4 Spellcasting
 - Level 2.6 Translocations


You had 3 spell levels left.
You knew the following spells:

 Your Spells              Type           Power        Failure   Level  Hunger
a - Shroud of Golubria    Chrm/Tloc      #.........   21%         2    ###....
b - Blink                 Tloc           N/A          12%         2    ###....


Dungeon Overview and Level Annotations

Branches:
Dungeon (3/15)

Altars:


Innate Abilities, Weirdness & Mutations

You are too large for most types of armour.
You have tough skin. (AC +1)


Message History

You are very lightly contaminated with residual magic.
You feel uncomfortable. The orc barely misses you.
Something hits you but does no damage.
Casting: Shroud of Golubria
Confirm with . or Enter, or press ? or * to list all spells.
Space distorts slightly along a thin shroud covering your body.
The orc closely misses you.
The orc priest invokes the aid of Beogh against you.
Beogh smites you!
* * * LOW HITPOINT WARNING * * *
Something hits you but does no damage.
You barely miss the orc. The orc hits you with a club.
* * * LOW HITPOINT WARNING * * *
Something hits you.
* * * LOW HITPOINT WARNING * * *
You thump the orc!
You kill the orc!
The orc priest mumbles some strange prayers to Beogh against you.
Beogh smites you!
You die...

#o#
#.#
###.#
#....
#.#o#
#o#.#
#{#.#
#@)<#
#.###
#...
#....
#>..##
##.##
#.#
#.#


You could see an orc priest.

Vanquished Creatures
  An adder (D:2)
  An ooze (D:2)
  3 worms (D:2)
  2 dart slugs
  An orc (D:3)
  3 bats
  2 giant cockroaches
  4 goblins
  4 hobgoblins
  4 kobolds
  A quokka (D:2)
  A ball python (D:1)
  6 frilled lizards
  4 rats
37 creatures vanquished.

Notes
Turn   | Place    | Note
-------+----------+-------------------------------------------
     0 | D:1      | Knicklaso the Ogre Warper began the quest for the Orb.
     0 | D:1      | Reached XP level 1. HP: 22/22 MP: 3/3
   263 | D:1      | Reached skill level 3 in Fighting
   311 | D:1      | Reached XP level 2. HP: 26/31 MP: 5/5
   315 | D:1      | Learned a level 2 spell: Shroud of Golubria
   318 | D:1      | Learned a level 2 spell: Blink
  1145 | D:2      | Reached XP level 3. HP: 37/37 MP: 1/6
  1912 | D:2      | Reached skill level 4 in Fighting
  1912 | D:2      | Reached XP level 4. HP: 41/48 MP: 4/7
  2220 | D:3      | Killed from afar by an orc priest

Skill      XL: |  1  2  3 |
---------------+----------+-----
Maces & Flails | 2 3 |  3.2
Fighting       | 3 4 |  4.0
Throwing       | |  1.0
Dodging        | |  2.1
Spellcasting   | |  2.4
Translocations | |  2.6

Action                   |  1- 3 |  4- 6 || total
-------------------------+-------+-------++-------
Melee: Mace              |   110 |    16 ||   126
Throw: Stone             |    83 |     4 ||    87
 Cast: Shroud of Golubri |     4 |     2 ||     6
  Eat: Chunk             |     3 |       ||     3
Armor: Robe              |    29 |     9 ||    38
Dodge: Dodged            |    51 |    19 ||    70
